 Dungeon Crawl Stone Soup version 0.29-a0-617-g7a6b98fccd (webtiles) character file.

Game seed: 10378369336485079169

2175 dolemite99 the Grappler (level 9, 0/80 HPs)
             Began as a Troll Chaos Knight on June 18, 2022.
             Was a Plaything of Xom.
             Slain by Amaemon
             ... wielding a +0 demon whip of venom
              (11 damage)
             ... on level 8 of the Dungeon.
             The game lasted 00:06:56 (5431 turns).

dolemite99 the Grappler (Troll Chaos Knight)        Turns: 5431, Time: 00:06:57

Health: 0/80       AC:  9    Str: 22    XL:     9   Next: 11%
Magic:  8/8        EV: 10    Int:  8    God:    Xom [....*.]
Gold:   445        SH:  0    Dex: 13    Spells: 8/8 levels left

rFire   + . .      SeeInvis .     - Unarmed
rCold   + . .      Faith    .   (no shield)
rNeg    . . .      Spirit   .   a - +2 robe
rPois   +          Reflect  .   (helmet restricted)
rElec   +          Harm     .   m - +2 cloak
rCorr   +          Rampage  .   (gloves unavailable)
Will    .....                   (boots unavailable)
Stlth   +.........              q - amulet of regeneration
HPRegen 1.83/turn               (no ring)
MPRegen 0.11/turn               (no ring)

@: mighty, lethally poisoned (0 -> -7), resistant, cleaving
A: large, unfitting armour, claws 3, regeneration 1, shaggy fur 1, tough skin 1
a: Renounce Religion


You were on level 8 of the Dungeon.
You worshipped Xom.
You were a beloved toy of Xom.
You visited 1 branch of the dungeon, and saw 8 of its levels.

You collected 445 gold pieces.

Inventory:

Hand Weapons
 u - the +1 flail of Guile {freeze, rF+}
   (You found it on level 4 of the Dungeon)

   It freezes those it strikes, dealing additional cold damage.
   It can also slow down cold-blooded creatures.
   rF:        It protects you from fire.
Armour
 a - a +2 robe (worn)
 c - a +1 pair of gloves
 m - a +2 cloak (worn)
Jewellery
 q - an amulet of regeneration (around neck)
 v - a +6 ring of strength
Wands
 s - a wand of digging (7)
Scrolls
 d - a scroll of blinking
 g - a scroll of fear
 k - 2 scrolls of poison
 t - a scroll of enchant armour
 w - a scroll of immolation
 y - a scroll of torment
 z - a scroll of amnesia
 B - a scroll of noise {unknown}
Potions
 e - a potion of mutation {unknown}
 i - 5 potions of curing
 j - 2 potions of ambrosia {unknown}
 l - 2 potions of brilliance {unknown}
 o - a potion of flight {unknown}
 p - a potion of might
 r - a potion of attraction {unknown}
 x - 2 potions of lignification {unknown}
 A - 2 potions of haste {unknown}
Miscellaneous
 b - a piece from Xom's chessboard (inert) (quivered)


   Skills:
 - Level 2.4 Fighting
 - Level 1.9 Dodging
 + Level 9.1 Unarmed Combat
 + Level 6.4 Evocations


You had 8 spell levels left.
You didn't know any spells.
Your spell library contained the following spells:

 Spells                   Type           Power      Damage    Failure   Level
 Conjure Flame            Conj/Fire      0%         6-21      78%         3
 Gell's Gravitas          Tloc           0%         N/A       78%         3
 Ignite Poison            Fire/Tmut/Pois 0%         N/A       78%         3
 Lesser Beckoning         Tloc           0%         N/A       78%         3
 Teleport Other           Tloc           0%         N/A       78%         3
 Sticky Flame             Conj/Fire      0%         2d3       99%         4
 Summon Lightning Spire   Summ/Air       0%         N/A       99%         4
 Storm Form               Tmut/Air       0%         N/A       100%        7
 Maxwell's Capacitive Co  Air            0%         ∞         100%        8


Dungeon Overview and Level Annotations

Branches:
Dungeon (8/15)             Temple (0/1) D:7
   Lair: D:8-11

Altars:
Fedhas
Ru
Zin
The Shining One

Annotations:
D:8 Amaemon


Innate Abilities, Weirdness & Mutations

You are too large for most types of armour.
You have claws for hands.
Your natural rate of healing is unusually fast.
You are covered in fur. (AC +1)
You have tough skin. (AC +1)


Message History

The bullfrog hits you but does no damage.
You mangle the bullfrog!!
You kill the bullfrog!
Xom grants you some temporary aid. Amaemon barely misses your white imp.
Amaemon claws your white imp! Amaemon tail-slaps your white imp.
You swap places.
The orange demon stings you but does no damage.
Amaemon hits you with a +0 demon whip of venom!
Amaemon claws you. Amaemon barely misses you.
You claw Amaemon! Your claw misses Amaemon.
Amaemon is severely wounded.
Amaemon hits you with a +0 demon whip of venom!
You are poisoned.
Amaemon claws you but does no damage.
Amaemon tail-slaps you but does no damage.
The orange demon closely misses you.
You closely miss Amaemon.
Amaemon is severely wounded.
You feel very sick.
You claw Amaemon!
Amaemon is almost dead.
You feel very sick.
Amaemon points at the orange demon and mumbles some strange words.
The orange demon seems to grow toxic.
The orange demon completely misses you.
You scratch Amaemon.
Amaemon is almost dead.
You feel very sick. The orange demon stings you from afar.
Amaemon hits you with a +0 demon whip of venom.
* * * LOW HITPOINT WARNING * * *
You are more poisoned.
Amaemon barely misses you. Amaemon tail-slaps you.
* * * LOW HITPOINT WARNING * * *
You scratch Amaemon.
Amaemon is almost dead.
You feel very sick.
Amaemon hits you with a +0 demon whip of venom!
You die...
Xom chortles!

#<#.# ###.#.#
#.....#
#.#.#.#
#.#.#.#
#.#4#5#
#.#6#5#
#.#.#5#
#.#.#@#
#.#.#6#
####.#.#4###
............+
#.###.#.#.###
...$.#.#
##..#.#..
[.....#...
###. #.#..##


You could see Amaemon (ally target), an orange demon (curare), a friendly iron
imp (summoned), a friendly white imp (summoned) and a friendly shadow imp
(summoned).

Vanquished Creatures
  4 ice beasts
  4 black bears
  2 centaurs (D:7)
  2 phantoms
  A kobold brigand (D:7)
  3 bullfrogs
  2 scorpions
  2 jellies
  5 hounds
  A gnoll shaman (D:7)
  2 orc priests (D:3)
  5 iguanas
  2 orc wizards
  Natasha (D:3)
  Robin (D:2)
  5 gnolls (D:7)
  7 adders
  2 dart slugs
  7 orcs
  9 ball pythons
  12 endoplasms
  6 giant cockroaches
  9 goblins
  4 hobgoblins
  2 jackals (D:3)
  4 quokkas
  9 bats
  2 frilled lizards
  11 kobolds
  4 rats
130 creatures vanquished.

Vanquished Creatures (collateral kills)
  A hound (D:5)
1 creature vanquished.

Vanquished Creatures (others)
  4 fungi (D:4)
  2 plants
6 creatures vanquished.

Grand Total: 137 creatures vanquished

Notes
Turn   | Place    | Note
-------+----------+-------------------------------------------
     0 | D:1      | dolemite99 the Troll Chaos Knight began the quest for the
                  | Orb.
     0 | D:1      | Reached XP level 1. HP: 22/22 MP: 0/0
   184 | D:1      | Reached XP level 2. HP: 29/29 MP: 1/1
   189 | D:1      | XOM: silly message
   210 | D:1      | Reached skill level 1 in Evocations
   305 | D:1      | XOM: divination: magic mapping
   344 | D:1      | Reached XP level 3. HP: 36/36 MP: 2/2
   753 | D:2      | XOM: scenery: summon butterflies
   953 | D:2      | XOM: stat loss: -1 Dex (10/11)
   957 | D:2      | Reached skill level 4 in Unarmed Combat
   957 | D:2      | Reached XP level 4. HP: 44/44 MP: 3/3
  1189 | D:2      | Noticed Robin
  1212 | D:2      | Killed Robin
  1524 | D:3      | XOM is BORED!
  1524 | D:3      | XOM: stat loss: -2 Dex (9/11)
  1859 | D:3      | XOM: 2-stop teleportation journey
  1890 | D:3      | XOM: fog
  1891 | D:3      | Reached XP level 5. HP: 46/50 MP: 4/4
  1983 | D:3      | XOM: cloud trail
  2050 | D:3      | Noticed Natasha
  2055 | D:3      | Killed Natasha
  2083 | D:3      | XOM: god gift: war axe {god gift}
  2177 | D:3      | XOM: summons 3 hostile demons
  2312 | D:3      | Reached skill level 5 in Unarmed Combat
  2818 | D:4      | Identified the +1 flail of Guile {freeze, rF+}
  2900 | D:4      | XOM: swap monsters
  2907 | D:4      | Reached XP level 6. HP: 59/59 MP: 5/5
  2955 | D:4      | Found a blossoming altar of Fedhas.
  2988 | D:4      | XOM: scenery: summon butterflies
  3212 | D:5      | Entered Level 5 of the Dungeon
  3263 | D:5      | Noticed an ice beast
  3267 | D:5      | Found a sacrificial altar of Ru.
  3275 | D:5      | XOM: fog
  3281 | D:5      | Killed an ice beast
  3282 | D:5      | Reached skill level 6 in Unarmed Combat
  3282 | D:5      | Reached XP level 7. HP: 63/66 MP: 6/6
  3426 | D:5      | Found a glowing golden altar of the Shining One.
  3670 | D:5      | XOM: summons friendly iron imp
  3897 | D:5      | Found a glowing silver altar of Zin.
  4116 | D:6      | XOM: potion effect (curing)
  4159 | D:6      | XOM: 4-stop teleportation journey
  4171 | D:6      | Reached skill level 7 in Unarmed Combat
  4254 | D:6      | Reached XP level 8. HP: 57/74 MP: 7/7
  4322 | D:6      | Reached skill level 5 in Evocations
  4379 | D:6      | XOM: potion effect (berserk rage)
  4455 | D:6      | XOM: divination: detect creatures
  4513 | D:7      | XOM: silly message
  4589 | D:7      | Reached skill level 8 in Unarmed Combat
  4929 | D:7      | XOM: summons friendly crimson imp
  5011 | D:7      | Reached XP level 9. HP: 80/80 MP: 8/8
  5076 | D:7      | Found a staircase to the Ecumenical Temple.
  5165 | D:7      | Reached skill level 9 in Unarmed Combat
  5384 | D:8      | XOM: noise
  5389 | D:8      | Noticed Amaemon
  5400 | D:8      | XOM: cleaving
  5404 | D:8      | XOM: smoke on damage
  5405 | D:8      | Noticed an orange demon
  5406 | D:8      | XOM: cleaving
  5412 | D:8      | XOM: divination: detect creatures
  5425 | D:8      | XOM: summons 3 friendly demons
  5431 | D:8      | Slain by Amaemon

Illustrated notes

Levels and vault maps discovered:
D:1:      dpeg_arrival_long_road, layout_loops_ring, serial_bayou_pond_b
D:2:      layout_basic, minmay_door_square,
          nicolae_concentric_dashed_squares_wild, uniq_robin
D:3:      layout_loops_corners, uniq_natasha
D:4:      layout_basic, fedhas_altar_3, skrybe_limestone_x
D:5:      layout_basic, kennysheep_mini, nicolae_ru_awakened_eye,
          mainiacjoe_overflow_surrounded_room
D:6:      layout_rooms, kennysheep_generic_room_4
D:7:      layout_cave_pools, temple_green
D:8:      layout_basic, riverfiend_overflow_shadow_ancestor, lemuel_tele_altar,
          tgw_trog, gammafunk_ghost_smash, uniq_prince_ribbit1, uniq_amaemon

Skill      XL: |  1  2  3  4  5  6  7  8  9 |
---------------+----------------------------+-----
Evocations     | 1 2 3 4 6 |  6.4
Unarmed Combat | 4 5 6 7 8 9 |  9.1
Fighting       | |  2.4
Dodging        | |  1.9

Action                   |  1- 3 |  4- 6 |  7- 9 || total
-------------------------+-------+-------+-------++-------
Melee: Unarmed           |    95 |   163 |   151 ||   409
       Punch             |       |     5 |    10 ||    15
Evoke: Piece from Xom's  |    16 |    12 |     9 ||    37
       Wand              |       |       |     2 ||     2
  Use: Scroll            |       |     2 |    12 ||    14
       Potion            |       |       |     7 ||     7
 Stab: Petrified         |     1 |       |       ||     1
       Sleeping          |       |     1 |       ||     1
       Confused          |       |     1 |       ||     1
Armor: Robe              |    61 |    99 |   112 ||   272
Dodge: Dodged            |    63 |    98 |    87 ||   248

Table legend: (Time is in decaauts)
 A = Elapsed time spent in this place.
 B = Non-inter-level travel time spent in this place.
 C = Inter-level travel time spent in this place.
 D = Time resting spent in this place.
 E = Time spent auto-exploring this place.
 F = Levels seen in this place.
 G = Mean time per level.
                   A        B        C        D        E       F      G
               +--------+--------+--------+--------+--------+-----+--------+
         Total |   5407 |   5286 |    121 |    632 |   3407 |   8 |  675.9 |
       Dungeon |   5407 |   5286 |    121 |    632 |   3407 |   8 |  675.9 |
               +--------+--------+--------+--------+--------+-----+--------+

Top non-repeatable levels by time:
     D:3: 1037 daAuts
     D:7: 881 daAuts
     D:5: 846 daAuts
     D:2: 839 daAuts
     D:4: 661 daAuts
     D:1: 655 daAuts
     D:6: 442 daAuts
     D:8: 43 daAuts
